 Dungeon Crawl Stone Soup version 0.22-a0-525-gf69a080 (webtiles) character file.

1315 Amnesiac the Thaumaturge (level 8, -3/36 HPs)
             Began as a Spriggan Earth Elementalist on June 21, 2018.
             Was a Follower of Ashenzari.
             Slain by an ogre
             ... wielding a +0 giant club
              (24 damage)
             ... on level 5 of the Dungeon.
             The game lasted 00:14:47 (6414 turns).

Amnesiac the Thaumaturge (SpEE)                     Turns: 6414, Time: 00:14:48

Health: -3/36      AC:  3    Str:  4    XL:     8   Next: 33%
Magic:  14/22      EV: 18    Int: 19    God:    Ashenzari [*.....]
Gold:   417        SH:  0    Dex: 16    Spells: 11/26 levels left

rFire    . . .     SeeInvis +   l - -3 dagger (curse)
rCold    . . .     Gourm    .   (shield restricted)
rNeg     . . .     Faith    .   c - +1 robe
rPois    .         Spirit   .   (helmet restricted)
rElec    .         Reflect  .   (no cloak)
rCorr    .         Harm     .   (gloves unavailable)
MR       +....                  (boots unavailable)
Stlth    +++.......             f - amulet of the acrobat
HPRegen  0.12/turn              (no ring)
MPRegen  0.18/turn              (no ring)

@: very quick
A: very small, unfitting armour, see invisible, herbivore, speed 3, slow
metabolism 2
a: Curse Item, Scrying, Renounce Religion


You were on level 5 of the Dungeon.
You worshipped Ashenzari.
Ashenzari was aware of your devotion.
You were not hungry.

You visited 1 branch of the dungeon, and saw 5 of its levels.

You collected 417 gold pieces.

Inventory:

Hand Weapons
 l - a cursed -3 dagger (weapon)
Missiles
 a - a throwing net
 b - 10 stones (quivered)
Armour
 c - a +1 robe (worn)
Jewellery
 f - an amulet of the acrobat (around neck)
Wands
 k - a wand of acid (10)
Scrolls
 e - a scroll of enchant armour {!r}
 h - 3 scrolls of teleportation {!r}
 j - a scroll of identify {!r}
 q - a scroll of amnesia {!r}
Potions
 d - a potion of flight {!q}
 g - 2 potions of curing {!q}
 i - a potion of might {!q}
Comestibles
 m - a ration


   Skills:
 - Level 3.5 Short Blades
 - Level 3.0 Dodging
 - Level 3.5 Stealth
 * Level 9.5 Spellcasting
 - Level 1.3 Transmutations
 + Level 5.8 Earth Magic


You had 11 spell levels left.
You knew the following spells:

 Your Spells              Type           Power        Failure   Level  Hunger
a - Sandblast             Erth           ####..       1%          1    None
b - Passwall              Tmut/Erth      ###.....     2%          2    None
c - Stone Arrow           Conj/Erth      ###...       7%          3    None
d - Lee's Rapid Deconstr  Erth           ####......   21%         5    #####..
e - Petrify               Tmut/Erth      ###.....     19%         4    ###....

Your spell library contained the following spells:

 Spells                   Type           Power        Failure   Level  Hunger


Dungeon Overview and Level Annotations

Branches:
Dungeon (5/15)             Temple (0/1) D:5

Altars:
Ashenzari
Ru


Innate Abilities, Weirdness & Mutations

You are very small and have problems with some larger weapons.
You are too small for most types of armour.
You have supernaturally acute eyesight. (SInv)
You are a herbivore.
You cover ground extremely quickly.
You need to consume almost no food.


Message History

Confirm with . or Enter, or press ? or * to list all spells.
Aiming: Petrify (slightly dangerous; 19% risk of failure)
Press: ? - help, Shift-Dir - straight line, f - ogre
Aim: an ogre, wielding a giant club (chance to defeat MR: 51%)
The ogre resists with significant effort.
Unknown command.
Casting: Petrify (slightly dangerous; 19% risk of failure)
Confirm with . or Enter, or press ? or * to list all spells.
Aiming: Petrify (slightly dangerous; 19% risk of failure)
Press: ? - help, Shift-Dir - straight line, f/p - ogre
Aim: an ogre, wielding a giant club (chance to defeat MR: 51%)
You miscast Petrify.
You feel momentarily lethargic.
Unknown command.
Casting: Petrify (slightly dangerous; 19% risk of failure)
Confirm with . or Enter, or press ? or * to list all spells.
Aiming: Petrify (slightly dangerous; 19% risk of failure)
Press: ? - help, Shift-Dir - straight line, f/p - ogre
Aim: an ogre, wielding a giant club (chance to defeat MR: 51%)
The ogre is moving more slowly.
Unknown command.
You catch the helpless ogre completely off-guard!
You puncture the ogre!
The ogre is moderately wounded.
The ogre stops moving altogether!
The helpless ogre fails to defend itself.
You impale the ogre!!
The ogre is severely wounded.
The helpless ogre fails to defend itself.
You impale the ogre!!
You kill the ogre!
You start resting.
Your magical contamination has completely faded away.
You start resting.
Magic restored.
Casting: Petrify (slightly dangerous; 19% risk of failure)
Confirm with . or Enter, or press ? or * to list all spells.
Aiming: Passwall (safe; 2% risk of failure)
Press: ? - help, Dir - move target cursor A rock wall.
You begin to meditate on the wall.
You continue meditating on the rock. x3
You finish merging with the rock.
Unknown command.
Casting: Passwall (safe; 2% risk of failure)
Confirm with . or Enter, or press ? or * to list all spells.
Aiming: Passwall (safe; 2% risk of failure)
Press: ? - help, Dir - move target cursor A rock wall.
You begin to meditate on the wall.
You continue meditating on the rock. x2
You finish merging with the rock.
The helpless ogre fails to defend itself.
You impale the ogre!!
The ogre is almost dead.
The ogre hits you with a giant club!
Unknown command.
Casting: Passwall (safe; 2% risk of failure)
Confirm with . or Enter, or press ? or * to list all spells.
Aiming: Sandblast (safe; 1% risk of failure)
Press: ? - help, Shift-Dir - straight line, f - ogre
Aim: an ogre, wielding a giant club (almost dead)
The blast of sand misses the ogre.
b - 10 stones The ogre hits you with a giant club!!
Ouch! That really hurt!
You die...

........#'##.#
#######.###....#.#
#...............#)#
#.##......#.....#.#####
......................+
#.##......#.##..#.#####
........#+#.##.<#+##
.............#.#...#
.............#.#@..#
.............#.#O..#
.............+.+...#
.............#.#...#
.............#'#####
#.########......#
#.#####.........#
#..)..........#
#########
#.............#
#........


You could see an ogre.

Vanquished Creatures
  Duvessa (D:4)
  4 ogres
  A bullfrog (D:4)
  Dowan (D:4)
  A howler monkey (D:4)
  A hound (D:4)
  3 orc priests
  3 orc wizards
  2 centaur skeletons (D:4)
  Jessica (D:2)
  Ijyb (D:5)
  An iguana (D:4)
  4 worker ants
  14 adders
  2 oozes
  4 worms
  2 dart slugs
  7 leopard geckos
  24 orcs
  9 bats
  A giant cockroach (D:5)
  12 goblins
  6 hobgoblins
  9 jackals
  9 kobolds
  2 quokkas
  A ball python (D:1)
  2 frilled lizards
  A leopard gecko zombie (D:5)
  6 rats
135 creatures vanquished.

Notes
Turn   | Place    | Note
-------+----------+-------------------------------------------
     0 | D:1      | Amnesiac the Spriggan Earth Elementalist began the quest for the Orb.
     0 | D:1      | Reached XP level 1. HP: 9/9 MP: 5/5
   198 | D:1      | Reached skill level 3 in Spellcasting
   198 | D:1      | Reached XP level 2. HP: 12/13 MP: 7/7
   616 | D:1      | Learned a level 2 spell: Passwall
  1349 | D:1      | Found a shattered altar of Ashenzari.
  1524 | D:1      | Became a worshipper of Ashenzari the Shackled
  1551 | D:1      | Reached XP level 3. HP: 8/16 MP: 9/9
  1690 | D:2      | Reached skill level 4 in Spellcasting
  1754 | D:2      | Found a sacrificial altar of Ru.
  2033 | D:2      | Reached XP level 4. HP: 18/21 MP: 11/11
  2209 | D:2      | Learned a level 4 spell: Petrify
  2716 | D:2      | Reached skill level 5 in Spellcasting
  2982 | D:2      | Noticed Jessica
  2991 | D:2      | Killed Jessica
  2991 | D:2      | Reached XP level 5. HP: 18/24 MP: 11/13
  3830 | D:3      | Reached skill level 6 in Spellcasting
  3882 | D:3      | Reached XP level 6. HP: 3/28 MP: 1/16
  4317 | D:3      | Reached * piety under Ashenzari
  4481 | D:4      | Reached skill level 1 in Short Blades
  5026 | D:4      | Reached XP level 7. HP: 27/32 MP: 16/18
  5135 | D:4      | Reached skill level 7 in Spellcasting
  5320 | D:4      | Noticed Duvessa
  5320 | D:4      | Noticed Dowan
  5332 | D:4      | Killed Dowan
  5399 | D:4      | Killed Duvessa
  5399 | D:4      | Reached skill level 5 in Earth Magic
  5535 | D:4      | Reached skill level 8 in Spellcasting
  5803 | D:4      | Reached XP level 8. HP: 29/36 MP: 18/21
  5812 | D:4      | Reached skill level 9 in Spellcasting
  5997 | D:5      | Entered Level 5 of the Dungeon
  6157 | D:5      | Found a staircase to the Ecumenical Temple.
  6157 | D:5      | Noticed Ijyb
  6194 | D:5      | Learned a level 5 spell: Lee's Rapid Deconstruction
  6200 | D:5      | Learned a level 3 spell: Stone Arrow
  6255 | D:5      | Killed Ijyb
  6414 | D:5      | Slain by an ogre

Vault maps used:
D:1:      minmay_arrival_cross, kennysheep_minor_cross, ashenzari_altar_1
D:2:      nicolae_ru_awakened_eye, serial_forest, infiniplex_forest_lined_3,
          infiniplex_forest_straight_2, infiniplex_forest_straight_1,
          infiniplex_forest_lined_room_3, infiniplex_forest_straight_2,
          uniq_jessica
D:4:      nzn_random_ring, uniq_duvessa
D:5:      minmay_temple_entry_glass, first_ration, uniq_ijyb, uniq_sigmund

Skill      XL: |  1  2  3  4  5  6  7  8 |
---------------+-------------------------+-----
Earth Magic    | 3 4 5 |  5.8
Spellcasting   | 3 4 5 6 8 9 |  9.5
Short Blades   | 3 |  3.5
Dodging        | |  3.0
Stealth        | |  3.5
Transmutations | |  1.3

Action                   |  1- 3 |  4- 6 |  7- 9 || total
-------------------------+-------+-------+-------++-------
Melee: Unarmed           |    22 |       |       ||    22
       Dagger            |   125 |    72 |    73 ||   270
       Short sword       |    18 |   114 |       ||   132
 Cast: Sandblast         |    12 |    75 |    31 ||   118
       Passwall          |     4 |     1 |     9 ||    14
       Petrify           |       |    11 |    14 ||    25
  Use: Scroll            |       |     9 |     1 ||    10
       Potion            |       |     1 |       ||     1
 Stab: Sleeping          |     9 |     5 |     9 ||    23
       Distracted        |     1 |       |       ||     1
       Petrified         |       |    15 |    19 ||    34
       Petrifying        |       |     1 |     2 ||     3
  Eat: Ration            |       |     4 |       ||     4
Armor: Robe              |    15 |    15 |     4 ||    34
Dodge: Dodged            |   144 |   168 |    41 ||   353

Table legend:
 A = Spawn XP
 B = Non-spawn XP
 C = Spawn XP percentage of total XP
 D = Spawn monster count
 E = Non-spawn monster count
 F = Spawn count percentage of total count
 G = Total turns spent on level
                    A         B        C        D         E        F      G
               +---------+---------+-------+---------+---------+-------+---------
         Total |       0 |    1879 |   0.0 |       0 |     135 |   0.0 |  6414
               +---------+---------+-------+---------+---------+-------+---------
           D:1 |       0 |      46 |   0.0 |       0 |      23 |   0.0 |  1656
           D:2 |       0 |     194 |   0.0 |       0 |      38 |   0.0 |  2020
           D:3 |       0 |     236 |   0.0 |       0 |      32 |   0.0 |   898
           D:4 |       0 |    1192 |   0.0 |       0 |      35 |   0.0 |  1423
           D:5 |       0 |     211 |   0.0 |       0 |       7 |   0.0 |   417
               +---------+---------+-------+---------+---------+-------+---------
